TOP OF THE 1ST |
Ottawa Nationals batting - Pitching for Springfield Shooters : RHP Atila Freska
|
Pitching: RHP Atila Freska
|
|
Batting: RHB Howard Fewell
|
0-0: Called Strike 0-1: Swinging Strike 0-2: Strikes out swinging
|
Batting: RHB Tomás Bermúdez
|
0-0: Called Strike 0-1: Foul Ball, location: 2F 0-2: Ball 1-2: Strikes out swinging
|
Batting: RHB Michael Peterson
|
0-0: Ground out 6-3 (Groundball, 6)
|
Top of the 1st over - 0 run(s), 0 hit(s), 0 error(s), 0 left on base; Ottawa 0 - Springfield 0 |
BOTTOM OF THE 1ST |
Springfield Shooters batting - Pitching for Ottawa Nationals : LHP Preston Connely
|
Pitching: LHP Preston Connely
|
|
Batting: SHB Benedict Patel
|
0-0: Ball 1-0: SINGLE (Flyball, 8RS)
|
Batting: RHB Javier Vásquez
|
0-0: Ball 1-0: Ball Benedict Patel steals 2nd base 2-0: Ball 3-0: Base on Balls
|
Batting: RHB Gabrio Campoverde
|
0-0: Grounds into double play, 6-4-3 (Groundball, 6) Benedict Patel to third
|
Batting: RHB Carlos Cardona
|
0-0: Foul Ball, location: 2F 0-1: Called Strike 0-2: Foul Ball, location: 2F 0-2: Strikes out swinging
|
Bottom of the 1st over - 0 run(s), 1 hit(s), 0 error(s), 1 left on base; Ottawa 0 - Springfield 0 |
TOP OF THE 2ND |
Ottawa Nationals batting - Pitching for Springfield Shooters : RHP Atila Freska
|
Batting: RHB Markus Thompson
|
0-0: Called Strike 0-1: Ball 1-1: Swinging Strike 1-2: Strikes out swinging
|
Batting: RHB Brandon Carroll
|
0-0: Called Strike 0-1: Ball 1-1: Foul Ball, location: 2F 1-2: Foul Ball, location: 2F 1-2: Strikes out swinging
|
Batting: RHB Duane Wills
|
0-0: Ball 1-0: Ball 2-0: Ball 3-0: Called Strike 3-1: SINGLE (Groundball, 4MD)
|
Batting: RHB Warren Martin
|
0-0: Ball 1-0: Called Strike 1-1: SINGLE (Line Drive, 34) Duane Wills to second
|
Batting: RHB Ernest Daniels
|
0-0: Swinging Strike 0-1: Foul Ball, location: 2F 0-2: Ball 1-2: Strikes out swinging
|
Top of the 2nd over - 0 run(s), 2 hit(s), 0 error(s), 2 left on base; Ottawa 0 - Springfield 0 |
BOTTOM OF THE 2ND |
Springfield Shooters batting - Pitching for Ottawa Nationals : LHP Preston Connely
|
Batting: LHB Daniel Faraday
|
0-0: Swinging Strike 0-1: Foul Ball, location: 2F 0-2: Strikes out swinging
|
Batting: RHB Esteban Alvarado
|
0-0: Foul Ball, location: 2F 0-1: Ball 1-1: Called Strike 1-2: Ball 2-2: Strikes out looking
|
Batting: RHB Javier De Jesús
|
0-0: Ball 1-0: Called Strike 1-1: Ball 2-1: Foul Ball, location: 2F 2-2: Strikes out swinging
|
Bottom of the 2nd over - 0 run(s), 0 hit(s), 0 error(s), 0 left on base; Ottawa 0 - Springfield 0 |
TOP OF THE 3RD |
Ottawa Nationals batting - Pitching for Springfield Shooters : RHP Atila Freska
|
Batting: RHB Elia Amberezzio
|
0-0: Fly out, F8 (Flyball, 8LD)
|
Batting: RHB Howard Fewell
|
0-0: Ground out 6-3 (Groundball, 56)
|
Batting: RHB Tomás Bermúdez
|
0-0: Called Strike 0-1: DOUBLE (Flyball, 9) - OUT at third base trying to stretch hit.
|
Top of the 3rd over - 0 run(s), 1 hit(s), 0 error(s), 0 left on base; Ottawa 0 - Springfield 0 |
BOTTOM OF THE 3RD |
Springfield Shooters batting - Pitching for Ottawa Nationals : LHP Preston Connely
|
Batting: RHB Willis Kirkendall
|
0-0: Fly out, F8 (Flyball, 8LS)
|
Batting: RHB Francisco Gonzáles
|
0-0: Foul Ball, location: 2F 0-1: Swinging Strike 0-2: Ball 1-2: Ball 2-2: Foul Ball, location: 2F 2-2: Ground out 5-3 (Groundball, 5)
|
Batting: SHB Benedict Patel
|
0-0: Ball 1-0: Ball 2-0: Ball 3-0: Called Strike 3-1: Foul Ball, location: 2F 3-2: Foul Ball, location: 2F 3-2: Ground out 5-3 (Groundball, 56)
|
Bottom of the 3rd over - 0 run(s), 0 hit(s), 0 error(s), 0 left on base; Ottawa 0 - Springfield 0 |
TOP OF THE 4TH |
Ottawa Nationals batting - Pitching for Springfield Shooters : RHP Atila Freska
|
Batting: RHB Michael Peterson
|
0-0: Foul Ball, location: 2F 0-1: Ball 1-1: Foul Ball, location: 2F 1-2: Ball 2-2: Fly out, F9 (Line Drive, 89M)
|
Batting: RHB Markus Thompson
|
0-0: Called Strike 0-1: Ball 1-1: Called Strike 1-2: Strikes out swinging
|
Batting: RHB Brandon Carroll
|
0-0: Ball 1-0: Ball 2-0: Called Strike 2-1: Foul Ball, location: 2F 2-2: Ball 3-2: Strikes out swinging
|
Top of the 4th over - 0 run(s), 0 hit(s), 0 error(s), 0 left on base; Ottawa 0 - Springfield 0 |
BOTTOM OF THE 4TH |
Springfield Shooters batting - Pitching for Ottawa Nationals : LHP Preston Connely
|
Batting: RHB Javier Vásquez
|
0-0: Fly out, F9 (Flyball, 34D)
|
Batting: RHB Gabrio Campoverde
|
0-0: Ground out 5-3 (Groundball, 5)
|
Batting: RHB Carlos Cardona
|
0-0: Ball 1-0: Called Strike 1-1: Called Strike 1-2: DOUBLE (Line Drive, 78M)
|
Batting: LHB Daniel Faraday
|
0-0: Swinging Strike 0-1: Ball 1-1: Ball 2-1: Ball 3-1: Ground out 6-3 (Groundball, 6M)
|
Bottom of the 4th over - 0 run(s), 1 hit(s), 0 error(s), 1 left on base; Ottawa 0 - Springfield 0 |
TOP OF THE 5TH |
Ottawa Nationals batting - Pitching for Springfield Shooters : RHP Atila Freska
|
Batting: RHB Duane Wills
|
0-0: Called Strike 0-1: Ball 1-1: Fly out, F2 (Popup, 3S)
|
Batting: RHB Warren Martin
|
0-0: Ball 1-0: Ball 2-0: SINGLE (Line Drive, 34D)
|
Batting: RHB Ernest Daniels
|
0-0: Fly out, F8 (Flyball, 8RD)
|
Batting: RHB Elia Amberezzio
|
0-0: Ball 1-0: Called Strike 1-1: Foul Ball, location: 2F 1-2: Strikes out swinging
|
Top of the 5th over - 0 run(s), 1 hit(s), 0 error(s), 1 left on base; Ottawa 0 - Springfield 0 |
BOTTOM OF THE 5TH |
Springfield Shooters batting - Pitching for Ottawa Nationals : LHP Preston Connely
|
Batting: RHB Esteban Alvarado
|
0-0: Ground out 4-3 (Groundball, 4)
|
Batting: RHB Javier De Jesús
|
0-0: Ball 1-0: Ball 2-0: Ground out 4-3 (Groundball, 4)
|
Batting: RHB Willis Kirkendall
|
0-0: Ball 1-0: DOUBLE (Line Drive, 78S)
|
Batting: RHB Francisco Gonzáles
|
0-0: Swinging Strike 0-1: Foul Ball, location: 2F 0-2: Ball 1-2: Ball 2-2: Foul Ball, location: 2F 2-2: Ball 3-2: Strikes out swinging
|
Bottom of the 5th over - 0 run(s), 1 hit(s), 0 error(s), 1 left on base; Ottawa 0 - Springfield 0 |
TOP OF THE 6TH |
Ottawa Nationals batting - Pitching for Springfield Shooters : RHP Atila Freska
|
Batting: RHB Howard Fewell
|
0-0: Called Strike 0-1: Foul Ball, location: 2F 0-2: Foul Ball, location: 2F 0-2: Ground out 6-3 (Groundball, 6S)
|
Batting: RHB Tomás Bermúdez
|
0-0: Called Strike 0-1: Ball 1-1: Ball 2-1: Foul Ball, location: 2F 2-2: Strikes out swinging
|
Batting: RHB Michael Peterson
|
0-0: Ball 1-0: Ball 2-0: Called Strike 2-1: Fly out, F7 (Flyball, 7S)
|
Top of the 6th over - 0 run(s), 0 hit(s), 0 error(s), 0 left on base; Ottawa 0 - Springfield 0 |
BOTTOM OF THE 6TH |
Springfield Shooters batting - Pitching for Ottawa Nationals : LHP Preston Connely
|
Batting: SHB Benedict Patel
|
0-0: Ground out 4-3 (Groundball, 4)
|
Batting: RHB Javier Vásquez
|
0-0: Called Strike 0-1: Foul Ball, location: 2F 0-2: Fly out, F9 (Flyball, 9S)
|
Batting: RHB Gabrio Campoverde
|
0-0: Swinging Strike 0-1: Called Strike 0-2: Foul Ball, location: 2F 0-2: Ball 1-2: SINGLE (Line Drive, 8LS)
|
Batting: RHB Carlos Cardona
|
0-0: Ball 1-0: Ball 2-0: Called Strike 2-1: Foul Ball, location: 2F 2-2: Fly out, F8 (Flyball, 8LD)
|
Bottom of the 6th over - 0 run(s), 1 hit(s), 0 error(s), 1 left on base; Ottawa 0 - Springfield 0 |
TOP OF THE 7TH |
Ottawa Nationals batting - Pitching for Springfield Shooters : RHP Atila Freska
|
Batting: RHB Markus Thompson
|
0-0: Ball 1-0: Ground out 5-3 (Groundball, 5S)
|
Batting: RHB Brandon Carroll
|
0-0: Foul Ball, location: 2F 0-1: Ball 1-1: Fly out, F9 (Flyball, 89M)
|
Batting: RHB Duane Wills
|
0-0: Ball 1-0: Foul Ball, location: 2F 1-1: Ground out 6-3 (Groundball, 6)
|
Top of the 7th over - 0 run(s), 0 hit(s), 0 error(s), 0 left on base; Ottawa 0 - Springfield 0 |
BOTTOM OF THE 7TH |
Springfield Shooters batting - Pitching for Ottawa Nationals : LHP Preston Connely
|
Pinch Hitting: RHB Bennett Bates
|
0-0: Called Strike 0-1: Swinging Strike 0-2: Ball 1-2: Fly out, F8 (Flyball, 8LS)
|
Batting: RHB Esteban Alvarado
|
0-0: Ball 1-0: Ball 2-0: Ball 3-0: Called Strike 3-1: SINGLE (Flyball, 8RS)
|
Batting: RHB Javier De Jesús
|
0-0: Called Strike 0-1: SINGLE (Groundball, 4MD) Esteban Alvarado to second Runner from 2nd tries for 3rd, SAFE, no throw
|
Batting: RHB Willis Kirkendall
|
0-0: Called Strike 0-1: Fly out, F9 (Flyball, 9) Runner from 3rd tags up, SCORES, throw made
|
Batting: RHB Francisco Gonzáles
|
0-0: Called Strike 0-1: Foul Ball, location: 2F 0-2: Ball 1-2: Strikes out looking
|
Bottom of the 7th over - 1 run(s), 2 hit(s), 0 error(s), 1 left on base; Ottawa 0 - Springfield 1 |
TOP OF THE 8TH |
Ottawa Nationals batting - Pitching for Springfield Shooters : RHP Atila Freska
|
Now at 1B: Bennett Bates
|
|
Batting: RHB Warren Martin
|
0-0: Fly out, F9 (Flyball, 9LM)
|
Batting: RHB Ernest Daniels
|
0-0: Fly out, F6 (Popup, 56D)
|
Batting: RHB Elia Amberezzio
|
0-0: Called Strike 0-1: Foul Ball, location: 2F 0-2: Foul Ball, location: 2F 0-2: Ball 1-2: Fly out, F8 (Flyball, 8RM)
|
Top of the 8th over - 0 run(s), 0 hit(s), 0 error(s), 0 left on base; Ottawa 0 - Springfield 1 |
BOTTOM OF THE 8TH |
Springfield Shooters batting - Pitching for Ottawa Nationals : LHP Preston Connely
|
Batting: SHB Benedict Patel
|
0-0: Called Strike 0-1: Ball 1-1: Ball 2-1: Foul Ball, location: 2F 2-2: Foul Ball, location: 2F 2-2: Fly out, F6 (Line Drive, 6)
|
Batting: RHB Javier Vásquez
|
0-0: Foul Ball, location: 2F 0-1: Foul Ball, location: 2F 0-2: Ball 1-2: Fly out, F6 (Line Drive, 6)
|
Batting: RHB Gabrio Campoverde
|
0-0: Called Strike 0-1: Foul Ball, location: 2F 0-2: Ball 1-2: Fly out, F8 (Flyball, 8LM)
|
Bottom of the 8th over - 0 run(s), 0 hit(s), 0 error(s), 0 left on base; Ottawa 0 - Springfield 1 |
TOP OF THE 9TH |
Ottawa Nationals batting - Pitching for Springfield Shooters : RHP Atila Freska
|
Now at 1B: Tony Cantú
|
|
Now in RF: Lee Allen
|
|
Batting: RHB Howard Fewell
|
0-0: Reached on error, E4 (Groundball, 4)
|
Batting: RHB Tomás Bermúdez
|
0-0: Sac Bunt - play at first, batter OUT! 1-4 Howard Fewell to second
|
Batting: RHB Michael Peterson
|
0-0: Ball 1-0: Foul Ball, location: 2F 1-1: Called Strike 1-2: Ball 2-2: Strikes out swinging
|
Pitching: RHP Ernst Chia
|
|
Batting: RHB Markus Thompson
|
0-0: Foul Ball, location: 2F 0-1: Ball 1-1: Fly out, F9 (Flyball, 9)
|
Top of the 9th over - 0 run(s), 0 hit(s), 1 error(s), 1 left on base; Ottawa 0 - Springfield 1 |
|